 Dungeon Crawl Stone Soup version 0.22-a0-553-g9358b0b (webtiles) character file.

189768 MothsLongingForFire the Impaler (level 18, -9/144 HPs)
             Began as a Merfolk Skald on June 26, 2018.
             Was the Champion of Hepliaklqana.
             Killed from afar by an ogre mage (51 damage)
             ... with a crystal spear
             ... on level 1 of the Vaults.
             The game lasted 02:10:42 (40630 turns).

MothsLongingForFire the Impaler (Merfolk Skald)    Turns: 40630, Time: 02:10:42

Health: -9/144     AC: 11    Str: 15    XL:     18   Next: 14%
Magic:  11/21      EV: 33    Int: 15    God:    Hepliaklqana [******]
Gold:   905        SH:  0    Dex: 19    Spells: 5/21 levels left

rFire    + . .     SeeInvis +   L - +9 bardiche of Inniogou {venom, Str+4 SInv}
rCold    + . .     Gourm    .   (shield currently unavailable)
rNeg     . . .     Faith    .   Y - +1 leather armour of the Vaults {rPois rC+}
rPois    +         Spirit   .   F - +1 hat
rElec    .         Reflect  .   H - +1 cloak {MR+}
rCorr    +         Harm     .   y - +0 pair of gloves
MR       ++...                  r - +0 pair of boots {run}
Stlth    +.........             g - amulet of regeneration
HPRegen  0.74/turn              i - ring of Xung {rCorr rPois rF+}
MPRegen  0.17/turn              u - +6 ring of evasion

@: about to teleport, hasted, very quick
A: change form in water, swift swim, stealthy swim, reduced essence
}: 1/15 runes: decaying
a: Recall Ancestor, Ancestor Identity, Transference, Idealise, Renounce Religion


You were on level 1 of the Vaults.
You worshipped Hepliaklqana.
Hepliaklqana was exalted by your worship.
You were very hungry.

You visited 7 branches of the dungeon, and saw 30 of its levels.
You also visited: Labyrinth.

You collected 2773 gold pieces.
You spent 1868 gold pieces at shops.


   Skills:
 - Level 19.5 Fighting
 - Level 20.0 Polearms
 - Level 7.8 Armour
 - Level 18.1 Dodging
   Level 0.7 Shields
 - Level 2.0 Spellcasting
 - Level 10.0 Hexes
 - Level 5.0 Charms
 + Level 6.8 Summonings


You had 5 spell levels left.
You knew the following spells:

 Your Spells              Type           Power        Failure   Level  Hunger
d - Tukima's Dance        Hex            ####....     1%          3    ###....
e - Spectral Weapon       Hex/Chrm       ###.....     3%          3    ###....
i - Swiftness             Chrm/Air       #.......     14%         2    ###....
o - Song of Slaying       Chrm           ###.....     4%          2    ###....
s - Summon Demon          Summ           ###.......   41%         5    ######.
u - Infusion              Chrm           ###.         3%          1    #......

Your spell library contained the following spells:

 Spells                   Type           Power        Failure   Level  Hunger
 Magic Dart               Conj           #...         26%         1    #......
 Apportation              Tloc           #.....       26%         1    #......
 Conjure Flame            Conj/Fire      #.......     61%         3    ###....
 Lightning Bolt           Conj/Air       #.........   100%        5    ######.
 Slow                     Hex            ####....     1%          2    ###....
 Confuse                  Hex            ####....     1%          3    ###....
 Invisibility             Hex            ####....     54%         6    #######
 Throw Frost              Conj/Ice       #.....       36%         2    ###....
 Mephitic Cloud           Conj/Pois/Air  #.......     61%         3    ###....
 Summon Small Mammal      Summ           ###.         1%          1    #......
 Blink                    Tloc           N/A          36%         2    ###....
 Iskenderun's Mystic Bla  Conj           #.......     95%         4    #####..
 Freeze                   Ice            #...         26%         1    #......
 Summon Ice Beast         Ice/Summ       ##......     54%         4    #####..
 Ozocubu's Armour         Chrm/Ice       #.......     28%         3    ###....
 Call Imp                 Summ           ###.....     2%          2    ###....
 Regeneration             Chrm/Necr      #.........   28%         3    ###....
 Shock                    Conj/Air       #...         26%         1    #......
 Throw Icicle             Conj/Ice       #.......     95%         4    #####..
 Airstrike                Air            #.........   95%         4    #####..
 Confusing Touch          Hex            ####..       1%          1    #......
 Metabolic Englaciation   Hex/Ice        ###.......   67%         5    ######.
 Summon Butterflies       Summ           ###.....     1%          1    #......
 Silence                  Hex/Air        ###.......   67%         5    ######.
 Static Discharge         Conj/Air       #.......     61%         3    ###....
 Alistair's Intoxication  Tmut/Pois      #.......     100%        5    ######.
 Petrify                  Tmut/Erth      #.......     95%         4    #####..
 Shroud of Golubria       Chrm/Tloc      #.........   14%         2    ###....
 Fulminant Prism          Conj/Hex       ###.......   32%         4    #####..
 Dazzling Spray           Conj/Hex       ###...       10%         3    ###....
 Force Lance              Conj/Tloc      #.......     95%         4    #####..
 Searing Ray              Conj           #.....       36%         2    ###....
 Summon Guardian Golem    Hex/Summ       ####....     2%          3    ###....
 Gell's Gravitas          Tloc           #.........   61%         3    ###....
 Yara's Violent Unravell  Hex/Tmut       ###.......   67%         5    ######.
 Lesser Beckoning         Tloc           #.........   61%         3    ###....

Inventory:

Hand Weapons
 t - a +0 trident
 L - the +9 bardiche of Inniogou (weapon) {venom, Str+4 SInv}
   (You acquired it on level 4 of the Lair of Beasts)

   It poisons the flesh of those it strikes.
   It affects your strength (+4).
   It lets you see invisible.
Missiles
 j - 2 throwing nets {=f}
 k - 22 javelins (quivered)
 z - 2 javelins of returning
Armour
 r - a +0 pair of boots of running (worn)
 y - a +0 pair of gloves (worn)
 A - a +2 plate armour of fire resistance
 F - a +1 hat (worn)
 H - a +1 cloak of magic resistance (worn)
 Y - the +1 leather armour of the Vaults (worn) {rPois rC+}
   (You found it on level 3 of the Lair of Beasts)

   It protects you from cold.
   It protects you from poison.
Jewellery
 g - an amulet of regeneration (around neck)
 i - the ring of Xung (left hand) {rCorr rPois rF+}
   (You acquired it on level 1 of the Swamp)

   [ring of resist corrosion]

   It protects you from fire.
   It protects you from poison.
 u - a +6 ring of evasion (right hand)
 C - an uncursed ring of ice
 M - an uncursed ring of protection from magic
 N - an uncursed ring of positive energy
Wands
 b - a wand of iceblast (12)
 e - a wand of clouds (4)
 E - a wand of acid (11)
 R - a wand of paralysis (39)
Scrolls
 h - 4 scrolls of enchant weapon
 p - 7 scrolls of amnesia
 s - 4 scrolls of magic mapping
 v - 3 scrolls of blinking
 w - 6 scrolls of immolation {!r}
 B - 3 scrolls of vulnerability {!r}
 D - 5 scrolls of enchant armour {unknown}
 J - 2 scrolls of fog {unknown}
 P - 23 scrolls of remove curse {@r2}
 T - 6 scrolls of teleportation {@r4}
 U - a scroll of summoning {unknown}
Potions
 a - a potion of brilliance
 c - 4 potions of haste {@q3}
 f - 4 potions of curing {@q1}
 l - 4 potions of mutation {!q}
 m - 7 potions of might
 n - 5 potions of lignification {!q}
 o - a potion of ambrosia
 x - 2 potions of flight
 G - 2 potions of berserk rage {!q}
 I - a potion of cancellation
 S - 2 potions of heal wounds {@q2}
 V - a potion of resistance
 W - a potion of invisibility
 X - a potion of agility
Comestibles
 d - 27 rations {@e1}

Dungeon Overview and Level Annotations

Branches:
Dungeon (15/15)            Temple (1/1) D:5            Lair (6/6) D:10
  Swamp (4/4) Lair:4        Snake (1/4) Lair:3        Slime (0/5) Lair:5
    Orc (2/2) D:11            Elf (0/3) Orc:2        Vaults (1/5) D:14
 Depths (0/5) D:15

Altars:
Ashenzari
Cheibriados
Dithmenos
Elyvilon
Fedhas
Gozag
Hepliaklqana
Kikubaaqudgha
Makhleb
Nemelex Xobeh
Okawaru
Qazlal
Ru
Sif Muna
Trog
Uskayaw
Vehumet
Wu Jian
Xom
Yredelemnul
Zin
The Shining One
Beogh

Shops:
D:11 [   Orc:2 [*(::

Annotations:
D:3 1 runed door, OnekoMk1's ghost, amateur TeAE
D:11 exclusion: downstairs
D:12 3 runed doors, Raukhy's ghost, journeyman BaFi
Lair:4 exclusion: hexer
Lair:5 exclusion: oklob plant

▒...........▒
▒.▒▒▒.▒.
▒...........▒
▒.....▒.
▒...........▒
▒.......
▒...........▒
▒..▒.▒▒▒
▒▒▒▒▒▒▒▒▒▒▒▒▒
▒.......
▒.......
▒▒▒▒▒▒▒▒▒
▒▒▒▒▒▒▒▒
▒C.....(▒
▒.....@(▒
▒▒....p▒▒
▒▒...▒▒ ▒▒O▒
.O ..▒ o.▒
...


You could see an orc knight, an ogre mage, a cyclops (fleeing), an ironbrand
convoker and an ogre.


Message History

The ogre looks frightened! x2
As you read the scroll of teleportation {@r4}, it crumbles to dust.
You feel strangely unstable.
An ogre comes into view. It is wielding a giant club.
Attack whom?
Press: ? - help, Dir - move target cursor, f - cyclops
Aim: a cyclops (severely wounded, fleeing)
You strike the helpless cyclops from behind!
You carve the cyclops like a ham!!!
You kill the cyclops!
An ironbrand convoker comes into view. It is wielding a great mace.
You feel yourself speed up.
An orc knight comes into view. It is wielding a great mace.
Attack whom?
Press: ? - help, Dir - move target cursor, f - ironbrand convoker
Aim: an ironbrand convoker, wielding a great mace and wearing a ring mail (hasn't noticed you)
You reach to attack!
The orc knight shouts!
The ironbrand convoker shouts!
You slash the ironbrand convoker!
The ironbrand convoker is poisoned.
The ironbrand convoker is moderately wounded.
Attack whom?
Press: ? - help, Dir - move target cursor, f/p - ironbrand convoker
Aim: an ironbrand convoker, wielding a great mace and wearing a ring mail (moderately wounded, poisoned)
You hit the ironbrand convoker but do no damage.
The ironbrand convoker looks as sick as possible!
The ironbrand convoker is moderately wounded.
The cyclops seems to regain its courage.
The ogre mage gestures at you while chanting.
The crystal spear hits you!
You die...

Skill      XL: |  1  2  3  4  5  6  7  8  9 10 11 12 13 14 15 16 17 18 |
---------------+-------------------------------------------------------+-----
Polearms       | 4 5 6 7 9 11 12 14 15 17 19 20 | 20.0
Dodging        | 3 4 5 6 7 10 11 13 15 17 18 | 18.1
Fighting       | 3 4 5 6 8 10 11 13 14 15 17 18 19 | 19.5
Hexes          | 3 5 6 8 10 | 10.0
Charms         | 4 5 |  5.0
Armour         | 2 4 5 7 |  7.8
Summonings     | 4 6 |  6.8
Shields        | |  0.7
Spellcasting   | |  2.0

Action                   |  1- 3 |  4- 6 |  7- 9 | 10-12 | 13-15 | 16-18 || total
-------------------------+-------+-------+-------+-------+-------+-------++-------
Melee: Spear             |   170 |   252 |    91 |       |       |       ||   513
       Tailslap          |     5 |     2 |       |       |     3 |    22 ||    32
       Trident           |       |       |   292 |   832 |   522 |   147 ||  1793
       Halberd           |       |       |       |       |   366 |       ||   366
       Lajatang          |       |       |       |       |     2 |       ||     2
       Bardiche          |       |       |       |       |   370 |   605 ||   975
Throw: Javelin           |       |       |     1 |       |     1 |       ||     2
       Throwing net      |       |       |     1 |       |       |       ||     1
 Cast: Infusion          |     6 |     2 |     3 |     9 |     8 |    13 ||    41
       Spectral Weapon   |     1 |     5 |    18 |    52 |   126 |    92 ||   294
       Song of Slaying   |       |       |       |     5 |     7 |     7 ||    19
       Tukima's Dance    |       |       |       |       |     7 |     4 ||    11
       Swiftness         |       |       |       |       |     2 |       ||     2
Invok: Ancestor Identity |       |       |     1 |       |       |       ||     1
       Recall Ancestor   |       |       |     1 |     1 |     4 |     4 ||    10
       Ancestor Life: He |       |       |       |     1 |       |       ||     1
       Transference      |       |       |       |       |     1 |       ||     1
       Idealise          |       |       |       |       |     2 |       ||     2
Evoke: Lamp of fire      |       |       |       |       |     1 |       ||     1
       Wand              |       |       |       |       |     1 |     1 ||     2
  Use: Scroll            |       |     4 |       |     9 |    19 |    11 ||    43
       Potion            |       |       |       |     2 |     1 |     4 ||     7
 Stab: Sleeping          |     1 |       |     2 |     1 |     2 |     2 ||     8
       Distracted        |       |       |     4 |     8 |    16 |    16 ||    44
       Confused          |       |       |       |    15 |    15 |     7 ||    37
       Paralysed         |       |       |       |       |    13 |    24 ||    37
       Fleeing           |       |       |       |       |       |     1 ||     1
  Eat: Chunk             |     3 |     9 |    19 |    20 |    48 |    19 ||   118
       Ration            |       |       |     1 |     4 |     4 |     7 ||    16
Armor: Leather armour    |    25 |    33 |    43 |    77 |   117 |    89 ||   384
       Plate armour      |       |       |       |       |       |     5 ||     5
Dodge: Dodged            |    65 |   125 |   195 |   495 |  1035 |   950 ||  2865
Block: Buckler           |       |       |       |       |     3 |       ||     3

Vault maps used:
D:1:      lightli_arrival_farm, st_stairs_14
D:2:      eat_drink_and_be_merry_uskayaw, marbit_many_paths, old_standard_altar,
          cheibriados_altar_1, serial_undead, serial_undead_a, serial_undead_f,
          serial_undead_d, serial_undead_c, serial_undead_e, serial_undead_d,
          uniq_terence
D:3:      cheibrodos_sewer_entry_bend, gammafunk_ghost_grave,
          minmay_misc_feat_iff, nemelex_xobeh_ov_fountains_minmay
D:4:      led_sif_book, first_ration
D:5:      gammafunk_temple_overflow_wave, temple_hall, uniq_menkaure, uniq_ijyb,
          uniq_duvessa
D:6:      nicolae_overflow_crystal_walls, kennysheep_mini, ashenzari_altar_1,
          lemuel_round_altar, minivault_5, grunt_dithmenos_smoke, uniq_pikel
D:9:      vehumet_statue, the_bakery, uniq_maurice, uniq_erica
D:10:     lair_entry_dummy, special_room
D:11:     orc_david_3, basic_altar, uniq_urug
D:12:     biasface_ghost_orc_armoury
D:13:     uniq_kirke
D:14:     david_vaults_5, ebering_ghost_inner_flame
D:15:     hangedman_depths_entry_civil_slaughter, roderic_roman_lattice,
          uniq_rupert
Temple:   compressed_dpeg_triangle_lava_temple
Lair:1:   lab_entry_generic, minivault_19, bh_autumn_forest_stairs
Lair:2:   grunt_forest_stairs_basic, grunt_megastairs_4
Lair:3:   cheibrodos_lair_river_kwai, guppyfry_snake_entry_island,
          grunt_megastairs_5
Lair:4:   regret_index_tunnel_blossom, minmay_swamp_entry_reptiles,
          infiniplex_staircase_pool, serial_bayou_shore_b
Lair:5:   nicolae_slime_entry_slimehenge, minmay_lair_oklob_chamber
Lair:6:   due_jungle_book, serial_bayou_shore_a
Swamp:1:  hangedman_swamp_lotus, swamp_pool2, nicolae_swamp_necromancer_hut
Swamp:2:  evilmike_swamp_ruin_wall, swamp_pool2, uniq_nikola
Swamp:3:  basic_altar, swamp_pool5
Swamp:4:  swamp
Snake:1:  onia_ninara_swampy_vault, serial_shops, shop_statue, spider_trap,
          minmay_snake_pond
Orc:2:    st_orc_congregation, serial_shops, nicolae_shop_behind_doors
Vaults:1: vaults_room_fancy_cross, st_octagons_1, vaults_standard_mumra_x,
          ontoclasm_vaults_ligature, hangedman_vaults_restitches, v_pattern_3,
          vaults_room_boxed, v_alt_pattern_2, vaults_room_fours,
          nicolae_vaults_little_squares_2, hangedman_vaults_stretched_pinwheel
Lab:      labyrinth_spiral, nicolae_lab_x, labyrinth_lava_lair,
          nicolae_lab_garden

Notes
Turn   | Place    | Note
-------+----------+-------------------------------------------
     0 | D:1      | MothsLongingForFire the Merfolk Skald began the quest for the Orb.
     0 | D:1      | Reached XP level 1. HP: 16/16 MP: 3/3
    75 | D:1      | Reached XP level 2. HP: 16/23 MP: 5/5
   106 | D:1      | HP: 1/23 [kobold/club (3)]
   591 | D:1      | Reached skill level 4 in Polearms
   654 | D:1      | Reached skill level 3 in Dodging
   851 | D:1      | Reached XP level 3. HP: 26/28 MP: 6/6
  1006 | D:1      | Learned a level 3 spell: Spectral Weapon
  1825 | D:2      | Noticed Terence
  1894 | D:2      | Killed Terence
  1894 | D:2      | Reached skill level 3 in Fighting
  1894 | D:2      | Reached skill level 5 in Polearms
  1894 | D:2      | Reached XP level 4. HP: 33/35 MP: 1/7
  2021 | D:2      | Found a hide-covered altar of Uskayaw.
  2256 | D:2      | Found an opulent altar of Gozag.
  2515 | D:2      | Found a burning altar of Makhleb.
  2520 | D:2      | Reached XP level 5. HP: 41/41 MP: 8/8
  2610 | D:2      | Found a snail-covered altar of Cheibriados.
  2999 | D:3      | Found a sparkling altar of Nemelex Xobeh.
  3030 | D:3      | Reached skill level 6 in Polearms
  3030 | D:3      | Reached skill level 4 in Dodging
  3328 | D:3      | Found a runed door.
  3329 | D:3      | Noticed OnekoMk1's ghost (amateur TeAE)
  3700 | D:4      | Reached XP level 6. HP: 41/48 MP: 9/9
  3787 | D:4      | Reached skill level 4 in Fighting
  3787 | D:4      | Reached skill level 7 in Polearms
  3837 | D:4      | Found a deep blue altar of Sif Muna.
  4022 | D:4      | Identified Sif Muna's Handbook of Summoning
  4080 | D:4      | Reached skill level 5 in Dodging
  4347 | D:4      | Reached XP level 7. HP: 54/54 MP: 10/10
  4361 | D:4      | Reached skill level 8 in Polearms
  5514 | D:5      | Entered Level 5 of the Dungeon
  5904 | D:5      | Got a steaming leather armour
  5915 | D:5      | Identified the +2 leather armour of the Vacuum {Str+4 Slay+2} (You found it on level 5 of the Dungeon)
  6002 | D:5      | Noticed Dowan
  6008 | D:5      | Noticed Duvessa
  6022 | D:5      | Killed Duvessa
  6022 | D:5      | Reached skill level 9 in Polearms
  6024 | D:5      | Killed Dowan
  6024 | D:5      | Reached skill level 5 in Fighting
  6105 | D:5      | Noticed Menkaure
  6125 | D:5      | Killed Menkaure
  6125 | D:5      | Reached skill level 6 in Dodging
  6125 | D:5      | Reached XP level 8. HP: 40/62 MP: 11/11
  6333 | D:5      | Noticed Ijyb
  6350 | D:5      | Killed Ijyb
  6397 | D:5      | Reached skill level 10 in Polearms
  6525 | D:5      | Found a staircase to the Ecumenical Temple.
  6564 | D:5      | Found a bloodstained altar of Trog.
  6564 | D:5      | Found a sparkling altar of Nemelex Xobeh.
  6603 | Temple   | Entered the Ecumenical Temple
  6762 | Temple   | Became a worshipper of Hepliaklqana the Forgotten
  7170 | D:6      | Found a shattered altar of Ashenzari.
  7498 | D:6      | Reached skill level 7 in Dodging
  7612 | D:6      | Found a shadowy altar of Dithmenos.
  7627 | D:6      | Reached skill level 6 in Fighting
  7654 | D:6      | Reached skill level 11 in Polearms
  7659 | D:6      | Noticed Pikel
  7692 | D:6      | HP: 4/57 [Pikel/whip of flaming (4)]
  7701 | D:6      | Killed Pikel
  7701 | D:6      | Reached XP level 9. HP: 7/63 MP: 4/12
  7767 | D:6      | Reached skill level 8 in Dodging
  8012 | D:6      | Found a sacrificial altar of Ru.
  8033 | D:6      | Found an ornate altar of the Wu Jian Council.
  8129 | D:6      | Found a white marble altar of Elyvilon.
  8151 | D:6      | Reached skill level 12 in Polearms
  8498 | D:7      | Reached skill level 7 in Fighting
  8627 | D:7      | Learned a level 2 spell: Song of Slaying
  8981 | D:7      | Reached * piety under Hepliaklqana
  9237 | D:8      | Noticed a hornet
  9251 | D:8      | Killed a hornet
  9251 | D:8      | Reached skill level 9 in Dodging
  9543 | D:8      | Reached skill level 8 in Fighting
  9846 | D:8      | Reached skill level 10 in Dodging
  9886 | D:8      | Reached XP level 10. HP: 58/73 MP: 13/13
  9925 | D:8      | Reached skill level 9 in Fighting
  9948 | D:8      | Noticed a two-headed ogre
  9956 | D:8      | Killed a two-headed ogre
  9956 | D:8      | Reached skill level 11 in Dodging
 10395 | D:9      | Noticed Maurice
 10416 | D:9      | Killed Maurice
 10416 | D:9      | Reached skill level 1 in Hexes
 10532 | D:9      | Noticed Erica
 10562 | D:9      | Noticed a two-headed ogre
 10568 | D:9      | Reached ** piety under Hepliaklqana
 10573 | D:9      | HP: 6/75 [centaur/arrow (10)]
 10575 | D:9      | Remembered your ancestor Servia as a hexer
 11072 | D:9      | Found a radiant altar of Vehumet.
 11087 | D:9      | Reached skill level 4 in Charms
 11613 | D:9      | Killed a two-headed ogre
 11613 | D:9      | Reached skill level 10 in Fighting
 11613 | D:9      | Reached skill level 2 in Hexes
 11713 | D:9      | Killed Erica
 11713 | D:9      | Reached skill level 3 in Hexes
 11713 | D:9      | Reached XP level 11. HP: 36/81 MP: 11/14
 11717 | D:9      | Got a scorched lajatang {slice}
 11718 | D:9      | Identified the +5 lajatang "Zathreatt" {slice, -Tele rF++ Dex+9 SInv} (You took it off Erica on level 9 of the Dungeon)
 12012 | D:9      | Reached skill level 12 in Dodging
 12229 | D:10     | Entered Level 10 of the Dungeon
 12262 | D:10     | Got a pair of ancient boots
 12273 | D:10     | Identified the +0 pair of boots of Jigsaw {*Corrode rPois Str+2} (You found it on level 10 of the Dungeon)
 12297 | D:10     | Reached skill level 5 in Charms
 12304 | D:10     | Found a staircase to the Lair.
 12497 | D:10     | Reached skill level 13 in Polearms
 13012 | D:10     | Reached skill level 4 in Hexes
 13720 | D:11     | Noticed an orc knight
 13745 | D:11     | Killed an orc knight
 13932 | D:11     | Found a staircase to the Orcish Mines.
 13932 | D:11     | Found Wuzycir's Armour Shop.
 13990 | D:11     | Found a stormy altar of Qazlal.
 14050 | D:11     | Reached skill level 11 in Fighting
 14119 | D:11     | Noticed Urug
 14148 | D:11     | Killed Urug
 14148 | D:11     | Reached skill level 5 in Hexes
 14392 | D:11     | Reached *** piety under Hepliaklqana
 15217 | D:12     | Noticed a manticore
 15217 | D:12     | Noticed a seven-headed hydra
 15226 | D:11     | Killed a manticore
 15226 | D:11     | Reached skill level 14 in Polearms
 15226 | D:11     | Reached skill level 13 in Dodging
 15425 | D:12     | Reached XP level 12. HP: 56/90 MP: 13/15
 15736 | D:12     | Killed a seven-headed hydra
 15845 | D:12     | Reached skill level 12 in Fighting
 15871 | D:12     | Reached skill level 14 in Dodging
 16396 | D:12     | Noticed a two-headed ogre
 16651 | D:11     | Killed a two-headed ogre
 17035 | D:12     | Noticed a two-headed ogre
 17051 | D:12     | Killed a two-headed ogre
 17277 | D:12     | Found a runed gate.
 17277 | D:12     | Found a runed gate.
 17284 | D:12     | Found a runed gate.
 17285 | D:12     | Found a roughly hewn altar of Beogh.
 17285 | D:12     | Noticed Raukhy's ghost (journeyman BaFi)
 17701 | D:13     | Reached skill level 15 in Dodging
 17919 | D:13     | Noticed a two-headed ogre
 17927 | D:13     | Killed a two-headed ogre
 17927 | D:13     | Reached skill level 13 in Fighting
 18044 | D:13     | Noticed a two-headed ogre
 18051 | D:13     | Killed a two-headed ogre
 18407 | D:13     | Learned a level 3 spell: Tukima's Dance
 18579 | D:13     | Reached XP level 13. HP: 68/99 MP: 11/16
 18753 | D:13     | Noticed Kirke
 18760 | D:13     | Noticed a sphinx
 19429 | D:13     | Reached skill level 16 in Dodging
 19437 | D:13     | Killed Kirke
 19437 | D:13     | Reached skill level 14 in Fighting
 20511 | D:14     | Found a runed door.
 20513 | D:14     | Noticed Cuexocw's ghost (journeyman GnWz)
 20586 | D:14     | Reached skill level 1 in Armour
 20664 | D:14     | Noticed a vault guard
 20943 | D:14     | Reached **** piety under Hepliaklqana
 20959 | D:14     | Killed a vault guard
 21138 | D:14     | Reached skill level 17 in Dodging
 21180 | D:14     | Found a gate to the Vaults.
 21283 | D:15     | Entered Level 15 of the Dungeon
 21295 | D:15     | Noticed Rupert
 21493 | Lair:1   | Entered Level 1 of the Lair of Beasts
 21647 | Lair:1   | Found a labyrinth entrance.
 21656 | Lab      | Entered a labyrinth
 21866 | Lab      | Reached skill level 2 in Armour
 22152 | Lab      | Noticed a minotaur
 22180 | Lab      | Killed a minotaur
 22182 | Lab      | Got a bound silver ring
 22251 | Lair:1   | Identified the ring of Tigeam {Int+3 Stlth-} (You took it off a minotaur in a labyrinth)
 22402 | Lair:1   | Reached skill level 6 in Hexes
 22888 | Lair:2   | Reached ***** piety under Hepliaklqana
 23066 | Lair:2   | Identified a scroll of acquirement
 23172 | Lair:2   | Reached XP level 14. HP: 108/108 MP: 17/17
 23226 | Lair:2   | Reached skill level 15 in Fighting
 23566 | Lair:3   | Reached skill level 3 in Armour
 24017 | Lair:3   | Found a staircase to the Snake Pit.
 24259 | Lair:3   | Got a transparent leather armour
 24270 | Lair:3   | Identified the +1 leather armour of the Vaults {rPois rC+} (You found it on level 3 of the Lair of Beasts)
 24472 | Lair:3   | Reached skill level 7 in Hexes
 25068 | Lair:4   | Found a staircase to the Swamp.
 25317 | Lair:4   | Reached skill level 4 in Armour
 25683 | Lair:4   | Reached skill level 18 in Dodging
 25813 | Lair:4   | Reached skill level 15 in Polearms
 26045 | Lair:4   | Reached skill level 8 in Hexes
 26054 | Lair:4   | Got a dazzling bardiche
 26057 | Lair:4   | Identified the +9 bardiche of Inniogou {venom, Str+4 SInv} (You acquired it on level 4 of the Lair of Beasts)
 26391 | Lair:5   | Found a staircase to the Slime Pits.
 26566 | Lair:5   | Reached XP level 15. HP: 117/117 MP: 18/18
 27207 | Lair:6   | Entered Level 6 of the Lair of Beasts
 27251 | Lair:6   | Reached ****** piety under Hepliaklqana
 27274 | Lair:6   | Reached skill level 16 in Fighting
 27904 | Lair:6   | Reached skill level 9 in Hexes
 28105 | Lair:6   | Reached skill level 16 in Polearms
 28597 | Orc:1    | Entered Level 1 of the Orcish Mines
 28746 | Orc:2    | Entered Level 2 of the Orcish Mines
 28964 | Orc:2    | Found a staircase to the Elven Halls.
 28990 | Orc:2    | Found Usiquitt's Book Shoppe.
 28993 | Orc:2    | Bought the Almanac of Supportive Weightlessness for 932 gold pieces
 28996 | Orc:2    | Learned a level 2 spell: Swiftness
 29002 | Orc:2    | Learned a level 5 spell: Summon Demon
 29303 | Orc:2    | Noticed an orc warlord
 29775 | Orc:2    | Killed an orc warlord
 29923 | Orc:2    | Reached skill level 10 in Hexes
 30056 | Orc:2    | Reached skill level 17 in Polearms
 30158 | Orc:2    | Found Wibin's Antique Armour Emporium.
 30159 | Orc:2    | Found Boalleul's Antique Weapon Emporium.
 30160 | Orc:2    | Found Cenuff's General Store.
 30160 | Orc:2    | Found Dotzawan's Book Shoppe.
 30164 | Orc:2    | Bought a scroll of identify for 22 gold pieces
 30164 | Orc:2    | Bought a scroll of identify for 22 gold pieces
 30164 | Orc:2    | Bought a scroll of identify for 22 gold pieces
 30166 | Orc:2    | Identified a potion of resistance
 30177 | Orc:2    | Bought a pair of glowing boots for 240 gold pieces
 30187 | Orc:2    | Identified a +0 pair of boots of running (You bought it in a shop on level 2 of the Orcish Mines)
 30707 | D:14     | Killed Cuexocw's ghost
 30758 | D:15     | Killed Rupert
 30758 | D:15     | Reached skill level 17 in Fighting
 30859 | D:15     | Reached XP level 16. HP: 126/126 MP: 15/19
 31269 | D:15     | Found a staircase to the Depths.
 31360 | D:15     | Reached skill level 18 in Polearms
 32148 | Swamp:1  | Entered Level 1 of the Swamp
 32350 | Swamp:1  | HP: 6/127 [shambling mangrove (26)]
 32536 | Swamp:1  | Reached skill level 19 in Polearms
 32767 | Swamp:1  | Reached skill level 18 in Fighting
 32863 | Swamp:1  | Got a brightly glowing iron ring
 32865 | Swamp:1  | Identified the ring of Xung {rCorr rPois rF+} (You acquired it on level 1 of the Swamp)
 33583 | Swamp:2  | Noticed Nikola
 33755 | Swamp:2  | HP: 8/128 [five-headed hydra (9)]
 33755 | Swamp:2  | HP: 1/128 [five-headed hydra (7)]
 33970 | Snake:1  | Entered Level 1 of the Snake Pit
 34201 | Lair:3   | HP: 11/128 [shock serpent/electric aura (17)]
 35028 | Orc:2    | Bought a book of Air for 630 gold pieces
 35966 | Swamp:2  | Killed Nikola
 35966 | Swamp:2  | Reached skill level 5 in Armour
 36561 | Swamp:3  | Reached XP level 17. HP: 129/135 MP: 15/20
 36584 | Swamp:3  | Reached skill level 20 in Polearms
 36938 | Swamp:3  | Found a burning altar of Makhleb.
 37202 | Swamp:4  | Entered Level 4 of the Swamp
 37227 | Swamp:4  | Reached skill level 6 in Armour
 37305 | Swamp:4  | Noticed a tentacled monstrosity
 37593 | Swamp:4  | Killed a tentacled monstrosity
 37992 | Swamp:4  | Reached skill level 19 in Fighting
 38085 | Swamp:3  | Reached skill level 7 in Armour
 39476 | Swamp:4  | Got a decaying rune of Zot
 39943 | Vaults:1 | Entered Level 1 of the Vaults
 39975 | Vaults:1 | Reached skill level 1 in Summonings
 40067 | Vaults:1 | Reached skill level 2 in Summonings
 40072 | Vaults:1 | Reached skill level 3 in Summonings
 40161 | Vaults:1 | Reached skill level 4 in Summonings
 40356 | Vaults:1 | Reached XP level 18. HP: 144/144 MP: 21/21
 40358 | Vaults:1 | Reached skill level 5 in Summonings
 40403 | Vaults:1 | Got a pair of crude boots
 40404 | Vaults:1 | Identified the cursed -1 pair of boots of Xozul {Str+6} (You found it on level 1 of the Vaults)
 40474 | Vaults:1 | Reached skill level 6 in Summonings
 40623 | Vaults:1 | HP: 9/144 [cyclops (29)]
 40630 | Vaults:1 | Killed from afar by an ogre mage

Vanquished Creatures
  Nikola (Swamp:2)
  A tentacled monstrosity (Swamp:4)
  Rupert (D:15)
  4 thorn hunters
  Kirke (D:13)
  An orc warlord (Orc:2)
  An ironheart preserver (Vaults:1)
  A minotaur (Lab)
  4 dire elephants (Lair:6)
  The ghost of Cuexocw the Thaumaturge, a journeyman GnWz of Sif Muna (D:14)
  An ettin (D:15)
  2 yaktaur captains (Vaults:1)
  26 hydras
  A vault guard (D:14)
  An anaconda (Lair:6)
  3 centaur warriors
  Erica (D:9)
  18 two-headed ogres
  3 ogre magi
  2 tengu warriors (D:15)
  3 alligators
  5 death yaks (Lair:4)
  5 spriggans
  3 orc high priests (Orc:2)
  A hell knight (D:15)
  Urug (D:11)
  A naga sharpshooter (Snake:1)
  A shock serpent (Lair:3)
  2 unseen horrors
  A glowing orange brain (Vaults:1)
  4 spriggan druids
  A deep elf archer (D:15)
  Pikel (D:6)
  4 shambling mangroves
  A mana viper (Snake:1)
  11 swamp dragons
  8 orc knights
  2 deep elf magi
  A necromancer (Swamp:1)
  A mana viper (shapeshifter) (D:15)
  4 cyclopes
  10 ugly things
  3 manticores
  4 orc sorcerers (Orc:2)
  A wolf spider (Vaults:1)
  Maurice (D:9)
  7 elephants
  12 black mambas
  2 centaur zombies
  A vault sentinel (Vaults:1)
  3 gargoyles
  2 torpor snails (Lair:4)
  19 spiny frogs
  A kobold demonologist (D:10)
  3 rime drakes
  5 komodo dragons
  2 swamp worm zombies (Swamp:1)
  9 yaktaurs
  A tengu conjurer (D:15)
  8 trolls
  A polar bear (Lair:4)
  A queen bee (Lair:4)
  3 meliai (Lair:4)
  7 tyrant leeches
  14 hornets
  20 slime creatures
  A meliai zombie (D:15)
  A harpy skeleton (D:15)
  5 dream sheep (Lair:6)
  6 hippogriffs
  5 blink frogs
  6 bog bodies
  A vampire (D:13)
  A wraith (D:10)
  48 yaks
  A wyvern (shapeshifter) (D:15)
  5 shadows
  2 basilisks
  6 hogs
  3 wyverns
  19 vampire mosquitoes
  Menkaure (D:5)
  4 hungry ghosts
  A warg (Orc:1)
  3 insubstantial wisps (Swamp:4)
  A naga (Lair:3)
  A soldier ant (D:13)
  17 swamp worms
  An acid dragon (Vaults:1)
  Duvessa (D:5)
  12 water moccasins
  9 porcupines
  A hornet zombie (Swamp:1)
  7 swamp drakes
  An eye of draining (D:15)
  3 ice beasts
  32 orc warriors
  4 slaves (D:6)
  A black bear (D:10)
  4 phantoms
  12 centaurs
  12 ogres
  4 boggarts (Vaults:1)
  13 wolves
  9 crocodiles
  17 big kobolds
  12 bullfrogs
  A gnoll sergeant (Orc:2)
  Dowan (D:5)
  A water moccasin zombie (Swamp:1)
  A wyvern skeleton (D:13)
  4 scorpions
  A swamp dragon simulacrum (Swamp:1)
  33 killer bees
  6 wights
  An electric eel (Lair:4)
  4 howler monkeys
  6 crimson imps
  3 lava snakes (Lab)
  5 jellies
  A quasit (D:11)
  2 hounds
  23 orc priests
  3 bullfrog skeletons
  A gnoll shaman (Orc:2)
  26 orc wizards
  Ijyb (D:5)
  5 iguanas
  11 worker ants
  Terence (D:2)
  A statue (D:9)
  A killer bee zombie (D:8)
  A hound zombie (D:9)
  A hound skeleton (D:4)
  A howler monkey skeleton (D:2)
  13 gnolls
  A swamp drake zombie (Swamp:1)
  17 adders
  A shadow imp (D:15)
  3 oozes
  2 adder skeletons
  2 adder zombies
  4 worms (D:3)
  A dart slug (D:1)
  4 leopard geckos
  66 orcs
  A bat zombie (D:2)
  4 giant cockroaches
  8 goblins
  5 hobgoblins
  4 jackals
  2 quokkas
  A ball python (D:4)
  3 ball python zombies (D:2)
  12 bats
  4 frilled lizards
  A giant cockroach zombie (D:2)
  14 kobolds
  2 leopard gecko skeletons (D:2)
  A leopard gecko zombie (D:2)
  A quokka skeleton (D:4)
  A quokka zombie (D:8)
  11 rats
  3 briar patches (Swamp:4)
  2 fungi
  2 plants (Lair:6)
  2 spectral weapons
912 creatures vanquished.

Vanquished Creatures (collateral kills)
  A hydra (Swamp:4)
  2 two-headed ogres
  A death yak (Lair:4)
  2 swamp dragons (Swamp:4)
  A shambling mangrove (Swamp:4)
  An ugly thing (D:12)
  A cyclops (D:14)
  A manticore (D:15)
  2 elephants (Lair:3)
  3 spiny frogs
  A rime drake (Lair:4)
  3 komodo dragons
  A tengu conjurer (D:15)
  A yaktaur (D:14)
  A tyrant leech (Swamp:4)
  A hornet (Swamp:2)
  2 hippogriffs
  5 slime creatures
  8 yaks
  2 spriggans
  A vampire (D:14)
  A hungry ghost (Lab)
  2 vampire mosquitoes
  A warg (Orc:2)
  A swamp drake (Swamp:4)
  A water moccasin (Lair:1)
  A porcupine (Lair:3)
  3 orc warriors (Orc:2)
  A sky beast (D:7)
  An eye of draining (D:15)
  An ogre (D:15)
  2 wolves
  3 bullfrogs
  6 killer bees
  A howler monkey (D:14)
  An electric eel (Lair:4)
  A lava snake (Lab)
  2 centaur zombies
  A hound (D:12)
  2 centaur skeletons
  3 orc priests
  A bullfrog skeleton (D:9)
  A jelly (D:12)
  An iguana (D:9)
  2 orc wizards
  A gnoll (D:6)
  A shadow imp (D:11)
  An adder skeleton (D:10)
  9 orcs
  A jackal (D:6)
  4 kobolds
98 creatures vanquished.

Vanquished Creatures (others)
  A swamp worm (Swamp:1)
  5 dancing weapons
  A crocodile (Lair:5)
  An orc wizard (Orc:2)
  54 hexers
  3 ancestors
  A bush (Lair:5)
  5 fungi
  5 plants
  84 spectral weapons
  A withered plant (D:3)
161 creatures vanquished.

Grand Total: 1171 creatures vanquished

Table legend:
 A = Turns spent in this place as a percentage of turns spent in the entire game.
 B = Non-inter-level travel turns spent in this place as a percentage of non-inter-level travel turns spent in the entire game.
 C = Inter-level travel turns spent in this place as a percentage of turns spent in this place.
 D = Turns resting spent in this place as a percentage of non-inter-level travel turns spent in this place.
 E = Turns spent auto-exploring this place as a percentage of non-inter-level travel turns spent in this place.
 F = Non-inter-level travel turns spent in this place divided by the number of levels of this place that you've seen.
                   A       B       C       D       E      F
               +-------+-------+-------+-------+-------+----------------------
         Total | 100.0 | 100.0 |   6.9 |  36.5 |  39.0 | 1219.8
       Dungeon |  56.3 |  57.2 |   5.4 |  40.1 |  37.7 | 1442.4
        Temple |   1.0 |   1.1 |   2.4 |   0.0 |  94.5 | 401.0
          Lair |  19.4 |  18.4 |  11.9 |  27.1 |  47.8 | 1158.0
         Swamp |  14.7 |  15.0 |   5.4 |  44.2 |  32.1 | 1414.2
     Snake Pit |   0.1 |   0.1 |   0.0 |   0.0 |   0.0 |  29.0
  Orcish Mines |   5.5 |   5.1 |  13.7 |  21.1 |  44.1 | 956.0
        Vaults |   1.7 |   1.8 |   0.0 |  31.0 |  32.0 | 687.0
     Labyrinth |   1.3 |   1.4 |   0.0 |  21.2 |   0.0 | 543.0
               +-------+-------+-------+-------+-------+----------------------

Table legend:
 A = Spawn XP
 B = Non-spawn XP
 C = Spawn XP percentage of total XP
 D = Spawn monster count
 E = Non-spawn monster count
 F = Spawn count percentage of total count
 G = Total turns spent on level
                    A         B        C        D         E        F      G
               +---------+---------+-------+---------+---------+-------+---------
         Total |       0 |  254420 |   0.0 |       0 |     999 |   0.0 | 40630
               +---------+---------+-------+---------+---------+-------+---------
           D:1 |       0 |      47 |   0.0 |       0 |      29 |   0.0 |  1393
           D:2 |       0 |     120 |   0.0 |       0 |      25 |   0.0 |  1275
           D:3 |       0 |     128 |   0.0 |       0 |      24 |   0.0 |  1004
           D:4 |       0 |     466 |   0.0 |       0 |      21 |   0.0 |  1842
           D:5 |       0 |     739 |   0.0 |       0 |      10 |   0.0 |  1244
           D:6 |       0 |    1429 |   0.0 |       0 |      24 |   0.0 |  1217
           D:7 |       0 |     411 |   0.0 |       0 |       9 |   0.0 |   984
           D:8 |       0 |    2780 |   0.0 |       0 |      32 |   0.0 |  1369
           D:9 |       0 |    3630 |   0.0 |       0 |      24 |   0.0 |  1490
          D:10 |       0 |    4350 |   0.0 |       0 |      38 |   0.0 |  1560
          D:11 |       0 |    3890 |   0.0 |       0 |      24 |   0.0 |  2519
          D:12 |       0 |    9266 |   0.0 |       0 |      50 |   0.0 |  2236
          D:13 |       0 |    9212 |   0.0 |       0 |      30 |   0.0 |  1752
          D:14 |       0 |   12306 |   0.0 |       0 |      49 |   0.0 |  2039
          D:15 |       0 |   25811 |   0.0 |       0 |      52 |   0.0 |   957
        Lair:1 |       0 |    3395 |   0.0 |       0 |      16 |   0.0 |  1077
        Lair:2 |       0 |    3778 |   0.0 |       0 |      15 |   0.0 |  1003
        Lair:3 |       0 |   11085 |   0.0 |       0 |      42 |   0.0 |  1822
        Lair:4 |       0 |   17530 |   0.0 |       0 |      72 |   0.0 |  1881
        Lair:5 |       0 |    5854 |   0.0 |       0 |      27 |   0.0 |   881
        Lair:6 |       0 |   15777 |   0.0 |       0 |      40 |   0.0 |  1220
       Swamp:1 |       0 |   13883 |   0.0 |       0 |      39 |   0.0 |  1528
       Swamp:2 |       0 |   11431 |   0.0 |       0 |      20 |   0.0 |  1165
       Swamp:3 |       0 |   15379 |   0.0 |       0 |      32 |   0.0 |  2150
       Swamp:4 |       0 |   36957 |   0.0 |       0 |      60 |   0.0 |  1136
       Snake:1 |       0 |    2382 |   0.0 |       0 |       4 |   0.0 |    29
         Orc:1 |       0 |    1204 |   0.0 |       0 |      16 |   0.0 |   537
         Orc:2 |       0 |   15795 |   0.0 |       0 |     115 |   0.0 |  1679
      Vaults:1 |       0 |   23147 |   0.0 |       0 |      51 |   0.0 |   687
           Lab |       0 |    2238 |   0.0 |       0 |       9 |   0.0 |   543
               +---------+---------+-------+---------+---------+-------+---------
